 Dungeon Crawl Stone Soup version 0.15.2 (webtiles) character file.

57 araganzar the Charmwright (level 3, -4/27 HPs)
             Began as a Demonspawn Skald on Jan 6, 2015.
             Killed by divine providence
             ... invoked by an orc priest
              (15 damage)
             ... on Level 3 of the Dungeon.
             The game lasted 00:08:20 (2646 turns).

araganzar the Charmwright (Demonspawn Skald)        Turns: 2646, Time: 00:08:20

HP  -4/27        AC  6     Str 12      XL: 3   Next: 73%
MP   5/6         EV 10     Int 14      God:
Gold 137         SH  0     Dex 12      Spells:  3 memorised,  1 level left

rFire  . . .     SeeInvis .     a - +0 spear
rCold  . . .     Clarity  .     b - +0 leather armour
rNeg   . . .     rCorr    .     (no shield)
rPois  .         rRot     .     e - +1 hat
rElec  .         Spirit   .     (no cloak)
SustAb .         Warding  .     (no gloves)
rMut   .         Rnd*Tele +     j - +0 pair of boots
Gourm  .                        (no amulet)
MR     .....                    (no ring)
                                u - cursed ring of teleportation

@: singing (expiring), not resistant to hostile enchantments, very unstealthy
A: claws 1, molten scales 1
a: Stop Singing, Evoke Teleportation


You were on level 3 of the Dungeon.
You were hungry.

You visited 1 branch of the dungeon, and saw 3 of its levels.

You collected 137 gold pieces.


Innate Abilities, Weirdness & Mutations

You have sharp fingernails.
You are partially covered in molten scales (AC +1).


   Skills:
 - Level 2.0 Fighting
 - Level 2.7 Polearms
 - Level 0.8 Armour
 - Level 0.8 Dodging
 * Level 1.2 Unarmed Combat
 + Level 2.3 Spellcasting
 - Level 3.1 Charms


You had one spell level left.
You knew the following spells:

 Your Spells              Type           Power        Failure   Level  Hunger
a - Infusion              Chrm           ##....       10%         1    #......
b - Shroud of Golubria    Chrm/Tloc      #.........   21%         2    ###....
c - Song of Slaying       Chrm           ##......     12%         2    ###....


Dungeon Overview and Level Annotations

Branches:
Dungeon (3/15)

Altars:
Trog

Inventory:

Hand weapons
 a - a +0 spear (weapon)
 p - a +0 hunting sling
   (You took it off a goblin on level 2 of the Dungeon)
Missiles
 g - 38 stones (quivered)
 k - 10 poisoned needles
 l - a throwing net
Armour
 b - a +0 leather armour (worn)
 e - a +1 hat (worn)
   (You found it on level 1 of the Dungeon)
 i - a +0 buckler
   (You found it on level 1 of the Dungeon)
 j - a +0 pair of boots (worn)
   (You found it on level 2 of the Dungeon)
Comestibles
 d - a bread ration
 h - a meat ration
 v - 2 rotting chunks of worm flesh {@*1}
 w - a chunk of rat flesh {@*1}
 x - a beef jerky
Scrolls
 f - a scroll of magic mapping {unknown}
 m - 2 scrolls of recharging {unknown}
 n - a scroll of enchant armour {unknown}
 o - 2 scrolls of remove curse {unknown}
 s - a scroll of noise {unknown}
Jewellery
 u - a cursed ring of teleportation (left claw)
   (You found it on level 2 of the Dungeon)
Potions
 q - a potion of curing {unknown}
 r - a potion of heal wounds {unknown}
 t - 2 potions of brilliance {unknown}
 z - 2 potions of invisibility {unknown}
Books
 c - a book of Battle

   Spells                             Type                      Level
   *Infusion                          Charms                       1
   *Shroud of Golubria                Charms/Translocation         2
   *Song of Slaying                   Charms                       2
   Spectral Weapon                    Hexes/Charms                 3
   Regeneration                       Charms/Necromancy            3

# #.#.#..#.####.#
#.#.#...........
#.o..)..........
#####........###.#
.......oo....## #J#
...##..#.o..####.# ..
........##so%J...%####.#
....o....l>###........##
...%.....g@.....###......
.##.####g#####.# #..###
... #.# #.# #..# #g#
#.###..# #.# #......# #.#
#####..# ..#########..#
####.........#
............#


You could see an orc priest, 3 gnolls, 4 orcs, a giant gecko and a giant
cockroach.


Message History

The hobgoblin shouts!
The hobgoblin hits you but does no damage.
There are monsters nearby!
Casting: Song of Slaying You start singing a song of slaying.
The hobgoblin barely misses you.
You barely miss the hobgoblin. The hobgoblin hits you.
You barely miss the hobgoblin.
The hobgoblin hits you but does no damage.
You hit the hobgoblin but do no damage. The hobgoblin barely misses you.
You hit the hobgoblin but do no damage.
The hobgoblin hits you but does no damage.
You smell something rotten. (slot v)
You hit the hobgoblin.
You kill the hobgoblin!
You are feeling hungry.
You hit the hobgoblin but do no damage. The hobgoblin hits you with a club.
You hit the hobgoblin.
The hobgoblin is heavily wounded.
The hobgoblin hits you but does no damage.
You completely miss the hobgoblin.
The hobgoblin is heavily wounded.
You completely miss the hobgoblin.
The hobgoblin is heavily wounded.
The hobgoblin completely misses you.
You hit the hobgoblin.
The hobgoblin is heavily wounded.
The hobgoblin barely misses you.
You hit the hobgoblin.
You kill the hobgoblin!
No target in view!
No target in view!
Your surroundings suddenly seem different.
An orc comes into view. It is wielding a short sword.
The orc shouts!
You hear a shout!
You hear a shout!
You hear a shout!
The orc misses you.
Found a great sword and a bread ration.
A giant cockroach and an orc wizard come into view.
An orc and an orc priest come into view.
The orc shouts!
The orc wizard mumbles some strange words.
The orc wizard flickers and vanishes!
Deactivating autopickup; reactivate with Ctrl-A.
The orc priest glows brightly for a moment.
An orc comes into view. It is wielding a short sword.
Unknown command.
A giant gecko comes into view.
An orc comes into view. It is wielding a mace.
A gnoll comes into view. It is wielding a whip.
The gnoll shouts!
The orc priest's eyes start to glow.
A gnoll comes into view.
The gnoll shouts!
The puff of flame hits you!
The giant cockroach bites you but does no damage.
A gnoll comes into view.
The gnoll shouts!
Unknown command.
The gnoll barely misses you.
The orc priest invokes the aid of Beogh against you.
Something smites you!
* * * LOW HITPOINT WARNING * * *
The giant cockroach closely misses you. The giant gecko barely misses you.
An orc comes into view. It is wielding a mace.
There is a stone staircase leading down here.
Unknown command.
Your song is almost over.
The orc priest calls down the wrath of Beogh upon you.
Something smites you!
Ouch! That really hurt!
You die...

Action                   || total
-------------------------++-------
Melee: Spear             ||   202
 Cast: Infusion          ||     6
       Song of Slaying   ||     7
       Shroud of Golubri ||     5
 Stab: Sleeping          ||     1
  Eat: Chunk             ||     6

Vault maps used:
D:1:      minmay_arrival_open_corners
D:2:      tgw_trog, grunt_decor_resistance, minmay_crystal_room, st_stairs_3,
          hangedman_decor_push
D:3:      first_bread

Notes
Turn   | Place    | Note
--------------------------------------------------------------
     0 | D:1      | araganzar, the Demonspawn Skald, began the quest for the Orb.
     0 | D:1      | Reached XP level 1. HP: 16/16 MP: 3/3
   186 | D:1      | Reached skill level 2 in Polearms
   546 | D:1      | Gained mutation: You are partially covered in molten scales (AC +1). [demonic ancestry]
   546 | D:1      | Reached XP level 2. HP: 19/22 MP: 4/4
   680 | D:1      | Reached skill level 3 in Charms
  1179 | D:2      | Learned a level 2 spell: Shroud of Golubria
  1182 | D:2      | Learned a level 2 spell: Song of Slaying
  1647 | D:2      | Gained mutation: You have sharp fingernails. [demonic ancestry]
  1647 | D:2      | Reached XP level 3. HP: 27/27 MP: 6/6
  2381 | D:2      | Noticed a moth of wrath
  2383 | D:2      | Found a bloodstained altar of Trog.
  2420 | D:2      | Reached skill level 1 in Unarmed Combat
  2646 | D:3      | Killed from afar by an orc priest

Vanquished Creatures
  2 worms (D:2)
  2 giant geckos (D:1)
  5 bats
  A giant cockroach (D:1)
  9 hobgoblins
  5 kobolds
  2 giant newts
  5 goblins
  2 jackals (D:3)
  2 quokkas
  10 rats
45 creatures vanquished.
